 Dungeon Crawl Stone Soup version 0.26.1-11-gd32895ea62 (webtiles) character file.

Game seed: 17040864755520410223

21210 ubername the Fencer (level 12, -1/111 HPs)
             Began as a Minotaur Berserker on May 14, 2021.
             Was a High Priest of Trog.
             Slain by an eight-headed hydra (2 damage)
             ... while petrified by a catoblepas
             ... on level 13 of the Dungeon.
             The game lasted 00:30:09 (15311 turns).

ubername the Fencer (Minotaur Berserker)           Turns: 15311, Time: 00:30:10

Health: -1/111     AC: 12    Str: 31    XL:     12   Next: 52%
Magic:  20/20      EV:  2    Int:  2    God:    Trog [*****.]
Gold:   866        SH:  0    Dex: 13    Spells: 11/11 levels left

rFire    + + .     SeeInvis .   a - +4 double sword (vorpal)
rCold    + . .     Faith    .   (no shield)
rNeg     + + +     Spirit   .   C - +0 steam dragon scales
rPois    ∞         Reflect  .   (helmet restricted)
rElec    .         Harm     .   (no cloak)
rCorr    .         Rampage  .   B - +2 pair of gloves
Will     .....                  s - +0 pair of boots
Stlth    ++........             (no amulet)
HPRegen  0.28/turn              i - ring of protection from cold
MPRegen  0.17/turn              A - ring of Bodily Harmony {rPois rF++ MP+9 Str+8 Int-3}

@: petrified
A: retaliatory headbutt, horns 2
a: Renounce Religion, Berserk, Trog's Hand, Brothers in Arms


You were on level 13 of the Dungeon.
You worshipped Trog.
Trog was extremely pleased with you.
You visited 1 branch of the dungeon, and saw 13 of its levels.

You collected 866 gold pieces.

Inventory:

Hand Weapons
 a - a +4 vorpal double sword (weapon)
 b - a +0 short sword of flaming
 u - the +7 long sword of Mayhem {vorpal, rPois}
   (Trog gifted it to you on level 10 of the Dungeon)

   It inflicts extra damage upon your enemies.
   It protects you from poison.
Missiles
 j - 38 poisoned darts (quivered)
 x - 5 curare-tipped darts
Armour
 s - a +0 pair of boots (worn)
 B - a +2 pair of gloves (worn)
 C - +0 steam dragon scales (worn)
Jewellery
 c - an uncursed ring of wizardry {unknown}
 i - a ring of protection from cold (left hand)
 o - an uncursed amulet of reflection {unknown}
 q - a +6 ring of intelligence
 A - the ring of Bodily Harmony (right hand) {rPois rF++ MP+9 Str+8 Int-3}
   (You acquired it on level 8 of the Dungeon)

   [ring of poison resistance]

   It affects your strength (+8).
   It affects your intelligence (-3).
   It greatly protects you from fire.
   It protects you from poison.
   It affects your magic capacity (+9).
Wands
 r - a wand of flame (35)
 w - a wand of disintegration (15)
 y - a wand of random effects (19)
Scrolls
 d - 7 scrolls of teleportation
 e - 2 scrolls of enchant weapon
 h - 17 scrolls of identify
 l - 5 scrolls of remove curse
 m - a scroll of enchant armour
 n - 2 scrolls of blinking
Potions
 f - 6 potions of curing
 g - 2 potions of degeneration {unknown}
 k - a potion of heal wounds
 p - a potion of magic
 v - a potion of cancellation
 z - 4 potions of resistance


   Skills:
 + Level 11.6 Fighting
 + Level 2.9(9.9) Short Blades
 + Level 15.2(15.4) Long Blades
 + Level 1.9 Throwing
 + Level 10.8 Armour
 + Level 8.2 Dodging
 + Level 3.6 Stealth
 + Level 4.9 Shields
 + Level 1.9 Evocations


You had 11 spell levels left.
You didn't know any spells.
Your spell library contained the following spells:

 Spells                   Type           Power        Failure   Level
 Animate Skeleton         Necr           0%           54%         1
 Freeze                   Ice            0%           54%         1
 Pain                     Necr           0%           54%         1
 Frozen Ramparts          Ice            0%           89%         3
 Ozocubu's Armour         Ice            0%           89%         3
 Vampiric Draining        Necr           0%           89%         3
 Animate Dead             Necr           0%           100%        4
 Hailstorm                Conj/Ice       0%           100%        4
 Summon Ice Beast         Ice/Summ       0%           100%        4
 Agony                    Necr           0%           100%        5


Dungeon Overview and Level Annotations

Branches:
Dungeon (13/15)            Temple (0/1) D:5            Lair (0/6) D:8
    Orc (0/2) D:9
 Vaults: D:13-14

Altars:
Ashenzari
Cheibriados
Gozag
Hepliaklqana
Makhleb
Nemelex Xobeh
Okawaru
Sif Muna
Xom

Shops:
D:9 :=}*   D:12 *

Annotations:
D:4 Pikel


Innate Abilities, Weirdness & Mutations

You reflexively headbutt those who attack you in melee.
You have a pair of horns on your head.


Message History

A manticore comes into view.
The eight-headed hydra is engulfed in calcifying dust.
The eight-headed hydra is moving more slowly.
The orc moves out of view.
The manticore moves out of view.
Your limbs are stiffening.
The eight-headed hydra is engulfed in calcifying dust.
The eight-headed hydra stops moving altogether!
The eight-headed hydra is engulfed in calcifying dust.
You have turned to stone.
The eight-headed hydra is no longer petrified.
The eight-headed hydra bites you but does no damage.
The eight-headed hydra bites you. The eight-headed hydra bites you!
* * * LOW HITPOINT WARNING * * *
The eight-headed hydra bites you!
* * * LOW HITPOINT WARNING * * *
The eight-headed hydra bites you.
* * * LOW HITPOINT WARNING * * *
The eight-headed hydra bites you but does no damage.
The eight-headed hydra bites you.
You die...

# #......# ?.#........#
### .#.......?... ...
$............ #.##
#............ ...
#..#.........
###.###..#.#........
#⌠o.Y⌠#............ ...
!##. #§§#@<.....##
.##...
...###YD........##......
#..#..#......#.........
#⌠...⌠#................
###.###..†.............
#.H...#................
#.###.#....#...........
... ##))..###..†.......
### ##...####....[#...


You could see a catoblepas, an eight-headed hydra and a manticore (wandering).

Vanquished Creatures
  Fannar (D:10)
  A centaur warrior (D:13)
  2 boulder beetles
  2 hydras
  2 two-headed ogres (D:12)
  An unseen horror (D:8)
  A manticore (D:13)
  An ugly thing (D:12)
  2 cyclopes
  A centaur zombie (D:8)
  A gargoyle (D:11)
  A centaur skeleton (D:12)
  A komodo dragon (D:8)
  Grinder (D:6)
  4 slime creatures (D:12)
  Eustachio (D:5)
  15 yaks
  A vampire (D:13)
  2 wraiths (D:11)
  A basilisk (D:12)
  A steam dragon (D:11)
  5 water moccasins
  Duvessa (D:5)
  6 ice beasts
  2 sky beasts
  4 ogres
  10 orc warriors
  3 black bears
  A necrophage (D:13)
  2 phantoms
  13 centaurs
  4 big kobolds
  A lemure (D:3)
  10 bullfrogs
  Dowan (D:5)
  4 scorpions
  A wyvern zombie (D:7)
  10 killer bees
  13 wights
  An electric eel (D:11)
  5 howler monkeys
  3 bullfrog skeletons
  2 quasits
  3 orc priests
  3 hounds
  4 jellies
  17 orc wizards
  An iguana (D:4)
  Terence (D:2)
  9 worker ants
  A hound zombie (D:11)
  A hound skeleton (D:5)
  A mummy (D:9)
  2 worker ant zombies
  12 gnolls
  10 adders
  4 shadow imps
  A white imp (D:5)
  3 ufetubi
  An ooze (D:4)
  An adder skeleton (D:7)
  2 worms
  6 dart slugs (D:1)
  2 leopard geckos (D:2)
  50 orcs
  3 ball pythons
  3 giant cockroaches
  11 hobgoblins
  2 jackals (D:1)
  24 kobolds
  5 quokkas
  A ball python skeleton (D:5)
  7 bats
  3 frilled lizards
  6 goblins
  2 leopard gecko zombies
  9 rats
356 creatures vanquished.

Vanquished Creatures (others)
  An orc (D:11)
  A kobold (D:11)
  52 fungi (D:8)
  50 plants (D:8)
104 creatures vanquished.

Grand Total: 460 creatures vanquished

Notes
Turn   | Place    | Note
-------+----------+-------------------------------------------
     0 | D:1      | ubername the Minotaur Berserker began the quest for the
                  | Orb.
     0 | D:1      | Reached XP level 1. HP: 19/19 MP: 0/0
   119 | D:1      | Reached XP level 2. HP: 14/27 MP: 1/1
   124 | D:1      | Reached skill level 4 in Long Blades
   702 | D:1      | Reached ** piety under Trog
   901 | D:1      | Reached XP level 3. HP: 32/33 MP: 2/2
  1305 | D:2      | Reached XP level 4. HP: 33/41 MP: 3/3
  1781 | D:2      | Noticed Terence
  1792 | D:2      | Killed Terence
  1793 | D:2      | Reached skill level 5 in Fighting
  1793 | D:2      | Reached skill level 5 in Long Blades
  2059 | D:3      | Reached XP level 5. HP: 35/48 MP: 4/4
  2363 | D:3      | Reached *** piety under Trog
  2741 | D:4      | Noticed Pikel
  2741 | D:4      | Noticed a lemure
  2741 | D:4      | Noticed a lemure
  2741 | D:4      | Noticed a lemure
  2741 | D:4      | Noticed a lemure
  2752 | D:3      | Killed a lemure
  3098 | D:4      | Found an iron altar of Okawaru.
  3183 | D:4      | Reached skill level 1 in Shields
  3547 | D:4      | Reached skill level 6 in Long Blades
  3568 | D:4      | Reached XP level 6. HP: 56/56 MP: 5/5
  3936 | D:5      | Entered Level 5 of the Dungeon
  3985 | D:5      | Noticed Duvessa
  4010 | D:5      | Noticed Dowan
  4023 | D:5      | Killed Duvessa
  4025 | D:5      | Killed Dowan
  4053 | D:5      | Reached XP level 7. HP: 39/61 MP: 6/6
  4442 | D:5      | Found a staircase to the Ecumenical Temple.
  4458 | D:5      | Found a burning altar of Makhleb.
  4559 | D:5      | You fall into a shaft and drop 2 floors!
  4751 | D:6      | Reached skill level 7 in Long Blades
  4751 | D:6      | Reached skill level 5 in Armour
  5013 | D:6      | Noticed Grinder
  5025 | D:6      | Killed Grinder
  5026 | D:6      | Reached XP level 8. HP: 55/71 MP: 7/7
  5312 | D:6      | Found a shimmering blue altar of Sif Muna.
  5672 | D:5      | Noticed Eustachio
  5707 | D:5      | Killed Eustachio
  5708 | D:5      | Reached skill level 8 in Long Blades
  6085 | D:5      | Found a sparkling altar of Nemelex Xobeh.
  6114 | D:5      | Found a hazy altar of Hepliaklqana.
  6418 | D:6      | Reached skill level 1 in Short Blades
  6472 | D:7      | Reached **** piety under Trog
  6473 | D:7      | Reached skill level 1 in Stealth
  6517 | D:7      | Found an opulent altar of Gozag.
  6558 | D:7      | Reached XP level 9. HP: 56/79 MP: 8/8
  6963 | D:7      | Reached skill level 1 in Evocations
  7110 | D:7      | Reached skill level 9 in Long Blades
  7110 | D:7      | Found a shimmering altar of Xom.
  7336 | D:8      | Reached skill level 5 in Dodging
  7363 | D:8      | Killed an unseen horror
  7590 | D:8      | Reached skill level 10 in Long Blades
  7699 | D:8      | Reached XP level 10. HP: 90/90 MP: 9/9
  8123 | D:8      | Reached skill level 11 in Long Blades
  8175 | D:8      | Found a staircase to the Lair.
  8418 | D:8      | Identified a scroll of acquirement
  8418 | D:8      | Acquired the ring of Bodily Harmony {rPois rF++ MP+9 Str+8
                  | Int-3}
  8772 | D:9      | Noticed a cyclops
  8773 | D:9      | Found Sailaanen's Gadget Shop.
  8786 | D:9      | Killed a cyclops
  8826 | D:9      | Found Guseelus's General Store.
  8910 | D:9      | Reached ***** piety under Trog
  9147 | D:9      | Found a broken altar of Ashenzari.
  9194 | D:9      | Found a snail-covered altar of Cheibriados.
  9287 | D:9      | Found Qemulohe's Jewellery Shop.
  9375 | D:9      | Found Ekhliemoin's Book Emporium.
  9551 | D:9      | Reached skill level 12 in Long Blades
  9727 | D:9      | Found a staircase to the Orcish Mines.
  9822 | D:10     | Entered Level 10 of the Dungeon
 10093 | D:10     | Received a gift from Trog
 10094 | D:10     | Reached XP level 11. HP: 72/97 MP: 10/10
 10100 | D:10     | Got a translucent long sword {god gift}
 10191 | D:10     | Identified the +7 long sword of Mayhem {vorpal, rPois}
                  | (Trog gifted it to you on level 10 of the Dungeon)
 10566 | D:10     | Noticed Fannar
 10578 | D:10     | Killed Fannar
 10579 | D:10     | Reached skill level 10 in Armour
 11102 | D:11     | Noticed a four-headed hydra
 11111 | D:11     | Killed a four-headed hydra
 11112 | D:11     | Reached skill level 13 in Long Blades
 11112 | D:11     | Reached skill level 1 in Throwing
 11263 | D:11     | Reached skill level 10 in Fighting
 13125 | D:12     | Noticed a boulder beetle
 13139 | D:12     | Killed a boulder beetle
 13140 | D:12     | Reached skill level 14 in Long Blades
 13391 | D:12     | Noticed a seven-headed hydra
 13405 | D:12     | Killed a nine-headed hydra
 13406 | D:12     | Reached XP level 12. HP: 86/108 MP: 11/11
 13985 | D:12     | Received a gift from Trog
 14531 | D:12     | Noticed a two-headed ogre
 14536 | D:12     | Killed a two-headed ogre
 14543 | D:12     | Noticed a two-headed ogre
 14549 | D:12     | Killed a two-headed ogre
 14971 | D:12     | Found Wofemes's Serpentskin Sales.
 15243 | D:13     | Reached skill level 15 in Long Blades
 15279 | D:13     | Noticed a centaur warrior
 15279 | D:13     | Noticed a boulder beetle
 15288 | D:13     | Killed a boulder beetle
 15294 | D:13     | Noticed a seven-headed hydra
 15295 | D:13     | Killed a centaur warrior
 15297 | D:13     | Noticed a catoblepas
 15300 | D:13     | HP: 5/111 [eight-headed hydra (12)]
 15311 | D:13     | HP: 3/111 [eight-headed hydra (3)]
 15311 | D:13     | HP: 1/111 [eight-headed hydra (2)]
 15311 | D:13     | Slain by an eight-headed hydra

Illustrated notes

Levels and vault maps discovered:
D:1:      saegor_arrival_miasma, layout_basic, serial_corexii_hall,
          chequers_hall_statues_wall_a, corexii_hall_statues_l
D:2:      layout_loops_ring, uniq_sigmund, uniq_terence
D:3:      layout_basic
D:4:      layout_gridville, okawaru_metal_pillars_3, uniq_pikel
D:5:      layout_gridville, lemuel_round_altar, nzn_hepliaklqana_mist_gate,
          minmay_temple_entry_stoned_glass, minmay_misc_feat_cross,
          bloody_makhleb, uniq_duvessa, uniq_eustachio
D:6:      kennysheep_big_flooded_room, layout_rooms, led_sif_book, uniq_grinder
D:7:      layout_rooms, kennysheep_mini, tgw_xom
D:8:      layout_loops_cross, nicolae_overflow_hidden_temple,
          due_lair_maze_entry_diamond
D:9:      layout_roguey, old_standard_altar, slow_altar_1, david_orc_4,
          serial_shops, kennysheep_little_box, nicolae_shop_stone,
          nicolae_shop_waterfront, shop
D:10:     layout_irregular_city, uniq_fannar
D:11:     layout_basic, kennysheep_windowed_goal
D:12:     layout_layer_cave, serial_glass, glass_columns_a, glass_columns_b,
          feat_on_display, minmay_strange_pillars, minivault_11,
          guppyfry_shop_venom
D:13:     minmay_the_grid_square_5x5_5x5 [minmay_the_grid_square_5x5_tri_point,
          minmay_the_grid_square_5x5_eight_small,
          minmay_the_grid_square_5x5_empty, minmay_the_grid_square_5x5_eight,
          minmay_the_grid_square_5x5_two_walls_a,
          minmay_the_grid_square_5x5_inner_i,
          minmay_the_grid_square_5x5_prize_deathbox,
          minmay_the_grid_square_5x5_shrine1,
          minmay_the_grid_square_5x5_prize_pseudospiral,
          minmay_the_grid_square_5x5_empty,
          minmay_the_grid_square_5x5_beaten_path,
          minmay_the_grid_square_5x5_inverted_slash,
          minmay_the_grid_square_5x5_prize_monsterx,
          minmay_the_grid_square_5x5_six,
          minmay_the_grid_square_5x5_three_walls,
          minmay_the_grid_square_5x5_n_small,
          minmay_the_grid_square_5x5_prize_waves,
          minmay_the_grid_square_5x5_inset,
          minmay_the_grid_square_5x5_prize_itemx,
          minmay_the_grid_square_5x5_seven, minmay_the_grid_square_5x5_spiral,
          minmay_the_grid_square_5x5_meh, minmay_the_grid_square_5x5_longway,
          minmay_the_grid_square_5x5_shrine2,
          minmay_the_grid_square_5x5_minibox], layout_cave_pools

Skill      XL: |  1  2  3  4  5  6  7  8  9 10 11 12 |
---------------+-------------------------------------+-----
Long Blades    | 4 5 6 7 8 10 12 14 15 | 15.2
Fighting       | 4 5 6 7 8 9 10 11 | 11.6
Armour         | 3 4 6 8 9 10 | 10.8
Dodging        | 3 4 5 6 7 8 |  8.2
Shields        | 1 2 4 |  4.9
Short Blades   | 1 2 |  2.9
Stealth        | 1 3 |  3.6
Evocations     | 1 |  1.9
Throwing       | 1 |  1.9

Action                   |  1- 3 |  4- 6 |  7- 9 | 10-12 || total
-------------------------+-------+-------+-------+-------++-------
Melee: Falchion          |    65 |   132 |    81 |       ||   278
       Headbutt          |    10 |    34 |    50 |   128 ||   222
       Rapier            |       |       |    34 |       ||    34
       Long sword        |       |       |   108 |    90 ||   198
       Great sword       |       |       |       |   247 ||   247
       Short sword       |       |       |       |     9 ||     9
       Double sword      |       |       |       |    58 ||    58
Throw: Dart              |       |       |       |    17 ||    17
Invok: Berserk           |     1 |     1 |     6 |     5 ||    13
Evoke: Wand              |       |       |     4 |     1 ||     5
  Use: Scroll            |       |     6 |     4 |     6 ||    16
       Potion            |       |     4 |     1 |     5 ||    10
 Stab: Sleeping          |       |       |       |     2 ||     2
Armor: Animal skin       |    10 |       |       |       ||    10
       Leather armour    |     3 |     4 |       |       ||     7
       Ring mail         |       |    24 |    14 |       ||    38
       Scale mail        |       |       |    67 |    86 ||   153
       Steam dragon scal |       |       |       |    50 ||    50
Dodge: Dodged            |    42 |    79 |   125 |   316 ||   562
Block: Buckler           |       |     9 |    38 |     7 ||    54
       Rpst.: Falchion   |     7 |    20 |    13 |       ||    40
       Long sword        |       |       |    13 |     9 ||    22
       Great sword       |       |       |       |    43 ||    43
       Double sword      |       |       |       |     6 ||     6
